 Dungeon Crawl Stone Soup version 0.29-a0-344-ge2f44be95a (webtiles) character file.

Game seed: 11202279186856882556

539 Fenrisus the Insei (level 7, -2/48 HPs)
             Began as a Djinni Transmuter on Apr 21, 2022.
             Slain by a gnoll
             ... wielding a +0 whip
              (4 damage)
             ... on level 4 of the Dungeon.
             The game lasted 00:28:23 (4592 turns).

Fenrisus the Insei (Djinni Transmuter)              Turns: 4592, Time: 00:28:24

Health: -2/48      AC:  4    Str: 11    XL:     7   Next: 51%
Gold:   112        EV: 13    Int: 14    God:
                   SH:  0    Dex: 14

rFire   + + .      SeeInvis +   r - staff of conjuration
rCold   x . .      Faith    .   (no shield)
rNeg    . . .      Spirit   .   p - +2 robe {Archmagi}
rPois   ∞          Reflect  .   (helmet currently unavailable)
rElec   .          Harm     .   (no cloak)
rCorr   .          Rampage  .   (no gloves)
Will    .....      Archmagi +   (boots unavailable)
Stlth   ++........              (no amulet)
HPRegen 0.16/turn               q - ring of poison resistance
MPRegen 0.00/turn               m - ring of see invisible

@: appendages, flying
A: horns 2, flying, sickness immunity, fire resistance 2, cold vulnerability 1,
float, innate caster, HP casting, extra vitality 1
a: End Transformation


You were on level 4 of the Dungeon.
You had temporarily grown beastly horns.
You visited 1 branch of the dungeon, and saw 4 of its levels.

You collected 112 gold pieces.

Inventory:

Hand Weapons
 f - a +0 flail of protection
Armour
 p - a +2 robe of the Archmagi (worn)
Magical Staves
 r - a staff of conjuration (weapon)
Jewellery
 m - a ring of see invisible (right hand)
 o - a ring of fire
 q - a ring of poison resistance (left hand)
Wands
 k - a wand of charming (4) (quivered)
Scrolls
 d - 2 scrolls of identify
 h - a scroll of fear
 i - a scroll of immolation
 j - 3 scrolls of teleportation
Potions
 a - 2 potions of heal wounds {unknown}
 b - a potion of lignification
 c - 2 potions of flight {unknown}
 e - a potion of curing {unknown}
 g - 2 potions of mutation {unknown}
 l - 4 potions of attraction {unknown}
 n - 2 potions of resistance {unknown}
 s - a potion of ambrosia {unknown}
 t - a potion of magic {unknown}


   Skills:
 + Level 1.8 Fighting
 + Level 2.8 Maces & Flails
 + Level 3.4 Dodging
 + Level 1.5 Stealth
 + Level 4.2 Unarmed Combat
 + Level 3.6 Spellcasting


You couldn't memorise any spells.
You knew the following spells:

 Your Spells              Type           Power      Damage    Failure   Level
a - Beastly Appendage     Tmut           36%        N/A       4%          1
b - Wereblood             Tmut           18%        N/A       7%          2
c - Spider Form           Tmut/Pois      18%        N/A       14%         3
d - Ice Form              Ice/Tmut       18%        N/A       41%         4
e - Slow                  Hex            72%        N/A       4%          1
f - Static Discharge      Conj/Air       28%        N/A       7%          2
g - Blink                 Tloc           36%        N/A       7%          2
Your spell library was empty.

Dungeon Overview and Level Annotations

Branches:
Dungeon (4/15)
 Temple: D:4-7

Altars:
Ashenzari

Shops:
D:4 (

Annotations:
D:4 1 runed translucent door, Murumi's ghost, amateur GrFi


Innate Abilities, Weirdness & Mutations

You have temporarily grown beastly horns.
You are flying.
You are immune to sickness and miasma.
You are immune to poison.
Your flesh is very heat resistant. (rF++)
You are vulnerable to cold. (rC-)
You float through the air rather than walking.
You learn spells naturally, not from books.
Your magical power is your life essence.
You have superior vitality. (+4 MHP)


Message History

You hit Grinder.
Grinder is severely wounded.
Grinder hits you.
You writhe in agony.
You hit Grinder but do no damage.
Grinder is severely wounded.
Grinder blinks!
Grinder blinks!
Your transformation has ended.
Your staff of conjuration unmelds from your body.
Your +2 robe of the Archmagi unmelds from your body.
You feel powerful.
Casting: Spider Form (quite dangerous; 17% risk of failure)
Confirm with . or Enter, or press ? or * to list all spells.
You feel a surge of power!
You grow a pair of large bovine horns.
The gnoll misses you. Grinder gestures at you.
You suddenly lose the ability to move!
The gnoll hits you with a +0 whip.
Grinder zaps a wand.
The puff of flame hits you but does no damage.
You resist.
You kill Grinder!
The gnoll hits you with a +0 whip.
Your Unarmed Combat skill increases to level 4!
You have reached level 7!
The power to cast Blink wells up from within.
Spell assigned to 'g'.
The gnoll hits you with a +0 whip!
* * * LOW HITPOINT WARNING * * *
The gnoll hits you but does no damage. The gnoll hits you with a +0 whip.
* * * LOW HITPOINT WARNING * * *
The gnoll hits you with a +0 whip.
* * * LOW HITPOINT WARNING * * *
You can move again.
You hit the gnoll.
The gnoll is moderately wounded.
The gnoll hits you but does no damage.
You barely miss the gnoll.
The gnoll is moderately wounded.
The gnoll hits you with a +0 whip.
You die...

..# ##### #.# #...# #.# #####
###...######.############...#
..............:g@..../.##...#
###.########.#########..#...#
###.########.##########.#...####
.................).......5..+.>.
###....#####.....#######....##.#
###....# #.....# #####....##.#
.......# #.)...# #........##.#
....########.....# #.###....##.#
.................# ##.####.##


You could see a gnoll.

Vanquished Creatures
  Grinder (D:4)
  A scorpion (D:4)
  A hound (D:4)
  Jessica (D:2)
  2 iguanas (D:4)
  An orc wizard (D:3)
  6 adders
  2 gnolls (D:4)
  4 dart slugs
  6 orcs (D:3)
  5 bats
  6 endoplasms
  2 giant cockroaches
  5 goblins
  5 hobgoblins
  6 jackals
  5 kobolds (D:1)
  2 quokkas (D:1)
  7 ball pythons
  2 frilled lizards
  9 rats
79 creatures vanquished.

Notes
Turn   | Place    | Note
-------+----------+-------------------------------------------
     0 | D:1      | Fenrisus the Djinni Transmuter began the quest for the Orb.
     0 | D:1      | Reached XP level 1. HP: 17/17 MP: 0/0
   264 | D:1      | Reached XP level 2. HP: 19/22 MP: 0/0
   624 | D:1      | Found a faded altar of an unknown god.
   893 | D:1      | Reached XP level 3. HP: 19/27 MP: 0/0
   893 | D:1      | Learned a level 1 spell: Slow
  1706 | D:2      | Noticed Jessica
  1892 | D:2      | Reached XP level 4. HP: 23/32 MP: 0/0
  2249 | D:2      | Killed Jessica
  2250 | D:2      | Reached skill level 1 in Maces & Flails
  2777 | D:2      | Found a broken altar of Ashenzari.
  2905 | D:3      | Reached XP level 5. HP: 35/37 MP: 0/0
  2905 | D:3      | Learned a level 2 spell: Static Discharge
  3168 | D:3      | Reached skill level 1 in Stealth
  3891 | D:4      | Found Ezamooc's Antique Weapon Emporium.
  3924 | D:4      | Reached XP level 6. HP: 19/42 MP: 0/0
  4094 | D:4      | Identified the +1 leather armour of Gyfefifi {rC+}
  4207 | D:4      | Found a runed translucent door.
  4211 | D:4      | Noticed Murumi's ghost (amateur GrFi)
  4334 | D:4      | Noticed a yak
  4334 | D:4      | Noticed a yak
  4334 | D:4      | Noticed a yak
  4334 | D:4      | Noticed a yak
  4511 | D:4      | Noticed Grinder
  4526 | D:4      | Paralysed by Grinder for 6 turns
  4584 | D:4      | Paralysed by Grinder for 7 turns
  4586 | D:4      | Killed Grinder
  4587 | D:4      | Reached skill level 4 in Unarmed Combat
  4587 | D:4      | Reached XP level 7. HP: 18/48 MP: 0/0
  4587 | D:4      | Learned a level 2 spell: Blink
  4590 | D:4      | HP: 2/48 [gnoll/+0 whip (4)]
  4592 | D:4      | Slain by a gnoll

Illustrated notes

Levels and vault maps discovered:
D:1:      zelgadis_glass_arrival_small, layout_loops_corners,
          hellmonk_ecumenical_altar_blasted
D:2:      layout_loops_ring, basic_altar, chequers_serial_rivers_room_a,
          st_stairs_3, chequers_serial_rivers_marsh, dk_vineyard_3, uniq_jessica
D:3:      layout_rooms
D:4:      layout_basic, minmay_temple_entry_enclosed_plants,
          serial_corexii_hall, chequers_hall_statues_y, chequers_hall_statues_y,
          hellmonk_ghost_happy_afterlife, kennysheep_small_square,
          uniq_menkaure, uniq_sigmund, uniq_grinder

Skill      XL: |  1  2  3  4  5  6 |
---------------+-------------------+-----
Spellcasting   | 2 3 |  3.6
Maces & Flails | 1 2 |  2.8
Stealth        | 1 |  1.5
Dodging        | 3 |  3.4
Unarmed Combat | 4 |  4.2
Fighting       | |  1.8

Action                   |  1- 3 |  4- 6 |  7- 9 || total
-------------------------+-------+-------+-------++-------
Melee: Unarmed           |     5 |    64 |       ||    69
       Flail             |    87 |    99 |       ||   186
       Headbutt          |    12 |    12 |       ||    24
       Punch             |     2 |     4 |       ||     6
       Staff             |       |       |     2 ||     2
 Cast: Beastly Appendage |    27 |    19 |       ||    46
       Wereblood         |     6 |    12 |       ||    18
       Spider Form       |     1 |    20 |       ||    21
  Use: Scroll            |     1 |     4 |       ||     5
       Potion            |       |     1 |       ||     1
 Stab: Sleeping          |     2 |     3 |       ||     5
       Invisible         |       |     1 |       ||     1
       Distracted        |       |     1 |       ||     1
Armor: Robe              |    42 |    55 |     2 ||    99
       Skin              |       |     2 |       ||     2
Dodge: Dodged            |    79 |   112 |       ||   191

Table legend: (Time is in decaauts)
 A = Elapsed time spent in this place.
 B = Non-inter-level travel time spent in this place.
 C = Inter-level travel time spent in this place.
 D = Time resting spent in this place.
 E = Time spent auto-exploring this place.
 F = Levels seen in this place.
 G = Mean time per level.
                   A        B        C        D        E       F      G
               +--------+--------+--------+--------+--------+-----+--------+
         Total |   4655 |   2249 |   2406 |   1260 |      0 |   4 | 1163.8 |
       Dungeon |   4655 |   2249 |   2406 |   1260 |      0 |   4 | 1163.8 |
               +--------+--------+--------+--------+--------+-----+--------+

Top non-repeatable levels by time:
     D:1: 1855 daAuts
     D:2: 1238 daAuts
     D:3: 852 daAuts
     D:4: 708 daAuts
